 Dungeon Crawl Stone Soup version 0.31-a0-986-g5e6e4ef867 (webtiles) character file.

Game seed: 4282343434037398933

15604 Lobster4 the Fighter (level 12, -15/103 HPs)
             Began as a Gnoll Wanderer on Nov 13, 2023.
             Was a Follower of Uskayaw.
             Engulfed by a cloud of flame (18 damage)
             ... on level 1 of the Orcish Mines.
             The game lasted 00:51:35 (15618 turns).

Lobster4 the Fighter (Gnoll Wanderer)              Turns: 15618, Time: 00:51:36

Health: -15/103    AC: 11    Str: 19    XL:     12   Next: 28%
Magic:  12/22      EV: 17    Int: 12    God:    Uskayaw [*.....]
Gold:   830        SH:  0    Dex:  9    Spells: 14/25 levels left

rFire   . . .        a - +4 dagger of Ethereal Cruel Justice {spect, rElec Stlth+}
rCold   . . .        (no shield)
rNeg    + . .        p - +0 ring mail of Vampiric Thralls {Contam rElec rCorr SInv}
rPois   .            v - +1 helmet
rElec   +            F - +1 cloak
rCorr   +            (no gloves)
SInv    +            (no boots)
Will    .....        w - amulet of magic regeneration
Stlth   ++++         c - +5 ring of evasion
HPRegen 0.37/turn    y - ring of positive energy
MPRegen 0.58/turn

%: no passive effects
@: very slightly contaminated
A: fangs 1, strong nose, distributed training
a: Renounce Religion, Stomp


You were on level 1 of the Orcish Mines.
You worshipped Uskayaw.
Uskayaw was aware of your devotion.
You visited 3 branches of the dungeon, and saw 13 of its levels.

You collected 830 gold pieces.

Inventory:

Hand Weapons
 a - the +4 dagger of Ethereal Cruel Justice (weapon) {spect, rElec Stlth+}
   (You found it on level 2 of the Dungeon)

   rElec:     It insulates you from electricity.
   Stlth+:    It makes you more stealthy.
 b - a +0 sling
 s - a +4 spear
 G - a +2 flail
 J - a +0 longbow
 M - a +0 trident
Missiles
 o - 11 boomerangs (quivered)
Armour
 e - a +0 leather armour of poison resistance
 p - the +0 ring mail of Vampiric Thralls (worn) {Contam rElec rCorr SInv}
   (You found it on level 2 of the Dungeon)

   rElec:     It insulates you from electricity.
   SInv:      It lets you see invisible.
   Contam:    It causes magical contamination when unequipped.
   rCorr:     It protects you from acid and corrosion.
 v - a +1 helmet (worn)
 F - a +1 cloak (worn)
 O - a +0 ring mail of cold resistance
Jewellery
 c - a +5 ring of evasion (left hand)
 w - an amulet of magic regeneration (around neck)
 y - a ring of positive energy (right hand)
 E - a ring of fire
 R - a ring of protection from fire
Talismans
 n - a flux talisman
 Q - a blade talisman
Scrolls
 d - a scroll of identify
 g - 2 scrolls of enchant armour
 j - 5 scrolls of teleportation
 k - 4 scrolls of amnesia
 t - 2 scrolls of immolation
 A - a scroll of revelation
 B - a scroll of fear
 D - 3 scrolls of enchant weapon
 L - a scroll of noise {unknown}
Potions
 f - 4 potions of brilliance
 h - a potion of berserk rage
 l - a potion of resistance
 u - a potion of lignification
 x - a potion of enlightenment
 z - a potion of mutation
 C - a potion of curing
 K - a potion of haste
Miscellaneous
 H - a sack of spiders (inert)


   Skills:
 + Level 12.6 Fighting
 + Level 7.2 Short Blades
 + Level 7.2 Long Blades
 + Level 7.2 Axes
 + Level 7.2 Maces & Flails
 + Level 8.7 Polearms
 + Level 7.2 Staves
 + Level 7.2 Ranged Weapons
 + Level 7.2 Throwing
 + Level 7.8 Armour
 + Level 7.2 Dodging
 + Level 7.7 Stealth
 + Level 7.2 Shields
 + Level 7.2 Unarmed Combat
 + Level 7.2 Spellcasting
 + Level 6.0 Conjurations
 + Level 6.0 Hexes
 + Level 6.0 Summonings
 + Level 6.0 Necromancy
 + Level 6.0 Translocations
 + Level 6.0 Transmutations
 + Level 6.0 Fire Magic
 + Level 6.0 Ice Magic
 + Level 6.0 Air Magic
 + Level 6.0 Earth Magic
 + Level 6.0 Poison Magic
 + Level 8.0 Invocations
 + Level 7.8 Evocations
 + Level 6.6 Shapeshifting


You had 14 spell levels left.
You knew the following spells:

 Your Spells              Type           Power      Damage    Failure   Level
a - Sandblast             Erth           36%        2d10      1%          1
b - Stone Arrow           Conj/Erth      36%        3d9       6%          3
c - Mephitic Cloud        Conj/Pois/Air  18%        N/A       6%          3
k - Blink                 Tloc           36%        N/A       3%          2
p - Passwall              Tmut/Erth      15%        N/A       3%          2

Your spell library contained the following spells:

 Spells                   Type           Power      Damage    Failure   Level
 Magic Dart               Conj           72%        1d6       1%          1
 Call Imp                 Summ           36%        N/A       3%          2
 Inner Flame              Hex/Fire       18%        N/A       6%          3
 Summon Guardian Golem    Hex/Summ       18%        N/A       6%          3
 Animate Armour           Summ/Erth      36%        N/A       21%         4
 Brom's Barrelling Bould  Conj/Erth      18%        2d4       21%         4
 Flame Wave               Conj/Fire      18%        2d7       21%         4
 Manifold Assault         Tloc           18%        N/A       21%         4
 Sticky Flame             Conj/Fire      18%        2d4       21%         4
 Summon Lightning Spire   Summ/Air       18%        N/A       21%         4
 Lee's Rapid Deconstruct  Erth           9%         3d7*      50%         5
 Orb of Destruction       Conj           9%         9d6       100%        7
 Spellforged Servitor     Conj/Summ      9%         N/A       100%        7
 Discord                  Hex            9%         N/A       100%        8
 Lehudib's Crystal Spear  Conj/Erth      9%         10d4      100%        8


Dungeon Overview and Level Annotations

Branches:
Dungeon (11/15)            Temple (1/1) D:6            Lair (0/5) D:11
    Orc (1/2) D:10

Altars:
Ashenzari
Cheibriados
Dithmenos
Elyvilon
Fedhas
Gozag
Hepliaklqana
Kikubaaqudgha
Makhleb
Nemelex Xobeh
Okawaru
Qazlal
Ru
Sif Muna
Trog
Uskayaw
Vehumet
Wu Jian
Xom
Yredelemnul
Zin
The Shining One

Shops:
D:2 (   D:5 :

Annotations:
D:10 Maggie
D:11 1 runed translucent door, timneilson's ghost, journeyman OpSh


Innate Abilities, Weirdness & Mutations

You have very sharp teeth.
Your uncanny sense of smell can sniff out nearby items.
Your experience applies equally to all skills.


Message History

The orc priest shouts!
Casting: Mephitic Cloud (mildly dangerous; 6% risk of failure)
Confirm with . or Enter, or press ? or * to list all spells.
Aiming: Stone Arrow (mildly dangerous; 6% risk of failure)
Press: ? - help, Shift-Dir - straight line, f/p - orc knight
Aim: an orc knight, wielding a +0 dire flail and wearing a +3 chain mail (heavily wounded, inner flame, 64% to hit)
You miscast Stone Arrow.
You are very lightly contaminated with residual magic.
Nothing appears to happen.
A troll comes into view.
Casting: Stone Arrow (mildly dangerous; 6% risk of failure)
Confirm with . or Enter, or press ? or * to list all spells.
Aiming: Stone Arrow (mildly dangerous; 6% risk of failure)
Press: ? - help, Shift-Dir - straight line, f/p - orc knight
Aim: an orc knight, wielding a +0 dire flail and wearing a +3 chain mail (heavily wounded, inner flame, 64% to hit)
The stone arrow hits the orc knight.
Flame seeps out of the orc knight.
The orc knight is severely wounded.
The orc priest calls down the wrath of Beogh upon you.
Beogh smites you!
An orc knight comes into view. It is wielding a +0 dire flail.
The orc knight is engulfed in blazing flames.
Flame seeps out of the orc knight.
Casting: Stone Arrow (mildly dangerous; 6% risk of failure)
Confirm with . or Enter, or press ? or * to list all spells.
Aiming: Stone Arrow (mildly dangerous; 6% risk of failure)
Press: ? - help, Shift-Dir - straight line, f/p - orc knight
Aim: an orc knight, wielding a +0 dire flail and wearing a +3 chain mail (almost dead, inner flame, 64% to hit)
The stone arrow misses the orc knight.
The orc knight shouts!
Casting: Stone Arrow (mildly dangerous; 6% risk of failure)
Confirm with . or Enter, or press ? or * to list all spells.
Aiming: Stone Arrow (mildly dangerous; 6% risk of failure)
Press: ? - help, Shift-Dir - straight line, f/p - orc knight
Aim: an orc knight, wielding a +0 dire flail and wearing a +3 chain mail (almost dead, inner flame, 64% to hit)
The stone arrow hits the orc knight!
The orc knight explodes!
The fiery explosion engulfs you!!!
* * * LOW HITPOINT WARNING * * *
You are engulfed in blazing flames.
You die...

... .
.....o
.....##....
....#o))#
..#..oT ∆
#..§.# ∆
#)o°# #§#
##§###
#§@§)##
##....#
###.## ###


You could see an orc knight (strong), a troll, an orc warrior (strong) and an
orc priest (strong).

Vanquished Creatures
  An ettin (D:10)
  2 two-headed ogres (D:10)
  An orc high priest (D:10)
  A necromancer (D:11)
  Pikel (D:7)
  3 orc knights (Orc:1)
  An elephant (D:11)
  An unseen horror (D:11)
  A komodo dragon (D:11)
  5 trolls
  A hornet (D:10)
  2 wraiths
  2 shadows
  2 vampires (D:11)
  2 wyverns
  2 basilisks (D:11)
  A redback simulacrum (D:11)
  3 yaks (D:9)
  3 vampire mosquitoes (D:10)
  A warg (D:10)
  2 acid dragons
  A water moccasin (D:8)
  An ice beast (D:7)
  11 orc warriors
  2 black bears
  2 sky beasts (D:6)
  4 ogres
  4 centaurs
  4 lemures
  2 phantoms
  A kobold brigand (D:8)
  A gnoll sergeant (D:11)
  Blork the orc (D:6)
  3 scorpions
  2 bullfrogs
  10 wights
  3 killer bees
  An electric eel (D:7)
  A hound (D:4)
  2 gnoll boudas (D:5)
  3 jellies
  9 orc priests
  Crazy Yiuf (D:4)
  An iguana (D:6)
  3 sleepcaps
  8 orc wizards
  16 gnolls
  5 adders
  2 shadow imps
  6 ufetubi
  2 worms (D:2)
  3 dart slugs
  43 orcs
  8 ball pythons
  9 endoplasms
  4 giant cockroaches
  7 goblins
  7 hobgoblins
  A jackal (D:2)
  7 quokkas
  15 bats
  2 frilled lizards
  13 kobolds
  8 rats
  A spectral weapon (Orc:1)
278 creatures vanquished.

Vanquished Creatures (collateral kills)
  A stone giant (D:11)
  An orc knight (Orc:1)
  A troll (Orc:1)
  2 wargs (D:10)
  2 orc warriors (Orc:1)
  An ogre (Orc:1)
  An orc priest (D:10)
  An orc (Orc:1)
10 creatures vanquished.

Vanquished Creatures (others)
  An orc (D:7)
  A spectral weapon (D:10)
2 creatures vanquished.

Grand Total: 290 creatures vanquished

Notes
Turn   | Place    | Note
-------+----------+-------------------------------------------
     0 | D:1      | Reached skill level 10 in Fighting
     0 | D:1      | Lobster4 the Gnoll Wanderer began the quest for the Orb.
     0 | D:1      | Lobster4 set off with the following items: a +3 spear, a
                  | potion of curing, a scroll of fear, a +0 leather armour.
     0 | D:1      | Reached XP level 1. HP: 29/29 MP: 1/1
    87 | D:1      | Reached XP level 2. HP: 36/36 MP: 2/2
   426 | D:1      | Reached XP level 3. HP: 37/42 MP: 3/3
   517 | D:1      | Reached skill level 1 in Invocations
   716 | D:2      | Reached skill level 1 in Short Blades
   716 | D:2      | Reached skill level 1 in Long Blades
   716 | D:2      | Reached skill level 1 in Axes
   716 | D:2      | Reached skill level 1 in Maces & Flails
   716 | D:2      | Reached skill level 1 in Staves
   716 | D:2      | Reached skill level 1 in Ranged Weapons
   716 | D:2      | Reached skill level 1 in Throwing
   716 | D:2      | Reached skill level 1 in Dodging
   716 | D:2      | Reached skill level 1 in Shields
   716 | D:2      | Reached skill level 1 in Unarmed Combat
   716 | D:2      | Reached skill level 1 in Spellcasting
   734 | D:2      | Identified the +0 ring mail of Vampiric Thralls {Contam
                  | rElec rCorr SInv}
   815 | D:2      | Reached XP level 4. HP: 48/48 MP: 5/5
   819 | D:2      | Reached skill level 1 in Shapeshifting
   836 | D:2      | Identified the +4 dagger of Ethereal Cruel Justice {spect,
                  | rElec Stlth+}
  1137 | D:2      | Reached skill level 1 in Conjurations
  1137 | D:2      | Reached skill level 1 in Hexes
  1137 | D:2      | Reached skill level 1 in Summonings
  1137 | D:2      | Reached skill level 1 in Necromancy
  1137 | D:2      | Reached skill level 1 in Translocations
  1137 | D:2      | Reached skill level 1 in Transmutations
  1137 | D:2      | Reached skill level 1 in Fire Magic
  1137 | D:2      | Reached skill level 1 in Ice Magic
  1137 | D:2      | Reached skill level 1 in Air Magic
  1137 | D:2      | Reached skill level 1 in Earth Magic
  1137 | D:2      | Reached skill level 1 in Poison Magic
  1162 | D:2      | Found Cenarumoar's Antique Weapon Boutique.
  1296 | D:3      | Reached XP level 5. HP: 26/54 MP: 5/7
  1656 | D:3      | Found an iron altar of Okawaru.
  1659 | D:3      | Found an ancient bone altar of Kikubaaqudgha.
  1989 | D:3      | Found a bloodstained altar of Trog.
  2789 | D:4      | Found a runed translucent door.
  2790 | D:4      | Noticed Crazy Yiuf
  2944 | D:4      | HP: 2/54 [Crazy Yiuf/+4 quarterstaff of chaos (8)]
  2945 | D:4      | Killed Crazy Yiuf
  2946 | D:4      | Reached XP level 6. HP: 3/61 MP: 3/8
  3166 | D:5      | Entered Level 5 of the Dungeon
  3333 | D:5      | Found Cumm's Book Boutique.
  3362 | D:4      | Reached skill level 5 in Polearms
  3547 | D:5      | HP: 2/61 [gnoll/+0 club[a gnoll bouda] (2)]
  3552 | D:5      | HP: 3/61 [gnoll/+0 club[a gnoll bouda] (3)]
  3858 | D:5      | Reached XP level 7. HP: 61/67 MP: 10/10
  4136 | D:6      | Identified the of Idasusie
  4628 | D:6      | Found a broken altar of Ashenzari.
  4656 | D:6      | Noticed Blork the orc
  4657 | D:6      | Found a staircase to the Ecumenical Temple.
  4969 | D:6      | Killed Blork the orc
  4970 | D:6      | Reached XP level 8. HP: 64/74 MP: 12/12
  4971 | Temple   | Entered the Ecumenical Temple
  5480 | D:6      | Reached skill level 11 in Fighting
  6483 | D:7      | Found a hide-covered altar of Uskayaw.
  6483 | D:7      | Noticed a wyvern
  6493 | D:7      | Noticed Pikel
  6694 | D:7      | Killed a wyvern
  6695 | D:7      | Reached XP level 9. HP: 43/81 MP: 14/14
  6733 | D:7      | Became a worshipper of Uskayaw the Reveller
  6894 | D:7      | Reached * piety under Uskayaw
  7253 | D:7      | Killed Pikel
  7253 | D:7      | Reached ** piety under Uskayaw
  7254 | D:7      | Reached skill level 5 in Armour
  7254 | D:7      | Reached skill level 5 in Stealth
  7254 | D:7      | Reached skill level 5 in Evocations
  7568 | D:7      | HP: 4/81 [killer bee (2)]
  7584 | D:7      | HP: 4/81 [poisoned by a killer bee]
  8111 | D:8      | Learned a level 1 spell: Sandblast
  8114 | D:8      | Learned a level 2 spell: Passwall
  8174 | D:8      | Reached skill level 5 in Invocations
  8293 | D:8      | Identified the +2 chain mail "Xuchouda" {Str+4 Dex+4}
  8694 | D:8      | Reached *** piety under Uskayaw
  8975 | D:8      | Found a shadowy altar of Dithmenos.
  9134 | D:9      | Reached XP level 10. HP: 81/88 MP: 17/17
  9187 | D:9      | Reached skill level 5 in Short Blades
  9187 | D:9      | Reached skill level 5 in Long Blades
  9187 | D:9      | Reached skill level 5 in Axes
  9187 | D:9      | Reached skill level 5 in Maces & Flails
  9187 | D:9      | Reached skill level 5 in Staves
  9187 | D:9      | Reached skill level 5 in Ranged Weapons
  9187 | D:9      | Reached skill level 5 in Throwing
  9187 | D:9      | Reached skill level 5 in Dodging
  9187 | D:9      | Reached skill level 5 in Shields
  9187 | D:9      | Reached skill level 5 in Unarmed Combat
  9187 | D:9      | Reached skill level 5 in Spellcasting
  9506 | D:9      | Reached **** piety under Uskayaw
  9514 | D:9      | Reached ***** piety under Uskayaw
  9654 | D:9      | Identified the +1 leather armour of the Clam {rElec Dex+3}
  9760 | D:9      | Found a sparkling altar of Nemelex Xobeh.
  9807 | D:10     | Entered Level 10 of the Dungeon
  9941 | D:10     | Learned a level 3 spell: Stone Arrow
  9992 | D:10     | Found a staircase to the Orcish Mines.
 10588 | D:10     | Reached skill level 5 in Shapeshifting
 10741 | D:10     | Noticed a two-headed ogre
 10751 | D:10     | Killed a two-headed ogre
 11290 | D:10     | Noticed a two-headed ogre
 11307 | D:10     | Killed a two-headed ogre
 11308 | D:10     | Reached skill level 12 in Fighting
 11308 | D:10     | Reached skill level 5 in Conjurations
 11308 | D:10     | Reached skill level 5 in Hexes
 11308 | D:10     | Reached skill level 5 in Summonings
 11308 | D:10     | Reached skill level 5 in Necromancy
 11308 | D:10     | Reached skill level 5 in Translocations
 11308 | D:10     | Reached skill level 5 in Transmutations
 11308 | D:10     | Reached skill level 5 in Fire Magic
 11308 | D:10     | Reached skill level 5 in Ice Magic
 11308 | D:10     | Reached skill level 5 in Air Magic
 11308 | D:10     | Reached skill level 5 in Earth Magic
 11308 | D:10     | Reached skill level 5 in Poison Magic
 11308 | D:10     | Reached XP level 11. HP: 53/95 MP: 18/20
 11430 | D:10     | Identified the +6 long sword "Nagaopesh" {flame, MP-9 Str+3
                  | Stlth+}
 11472 | D:10     | Found a glowing golden altar of the Shining One.
 11515 | D:10     | Noticed Maggie
 11745 | D:11     | Found a shimmering blue altar of Sif Muna.
 11906 | D:11     | Found a runed translucent door.
 11931 | D:11     | Noticed a stone giant
 11931 | D:11     | Noticed a stone giant
 11931 | D:11     | Noticed a lich
 12337 | D:11     | Found a staircase to the Lair.
 12781 | D:11     | Noticed a necromancer
 12838 | D:11     | Found a runed translucent door.
 12854 | D:11     | Noticed timneilson's ghost (journeyman OpSh)
 12945 | D:13     | Identified the of Pausuosh
 12945 | Orc:1    | Entered Level 1 of the Orcish Mines
 13280 | D:11     | Killed a necromancer
 13803 | D:11     | Killed a stone giant
 13978 | D:10     | Learned a level 2 spell: Blink
 14060 | Orc:1    | Noticed an ettin
 14307 | D:10     | Killed an ettin
 14521 | D:9      | HP: 4/96 [troll[an orc high priest] (9)]
 14928 | Orc:1    | Noticed an orc high priest
 14944 | D:10     | Noticed a sixfirhy
 14944 | D:10     | Noticed a sun demon
 14946 | D:10     | Killed an orc high priest
 15261 | Orc:1    | Reached XP level 12. HP: 103/103 MP: 22/22
 15471 | Orc:1    | Learned a level 3 spell: Mephitic Cloud
 15618 | Orc:1    | HP: 3/103 [spore (50)]
 15618 | Orc:1    | Engulfed by a cloud of flame

Illustrated notes

Levels and vault maps discovered:
D:1:      psy_arrival_heroes, layout_basic, dk_noncrumbling_3,
          solitary_fountain, minmay_misc_feat_roman, minmay_small_reverse_x
D:2:      layout_basic, serial_shops, shop, minmay_tetromino_s2
D:3:      kennysheep_big_flooded_room, layout_basic, minitemple,
          mainiacjoe_overflow_cross_hatched
D:4:      layout_loops_ring, roderic_batcave, uniq_crazy_yiuf_cottage
D:5:      layout_basic, serial_shops, shop, minmay_misc_feat_ornament
D:6:      layout_basic, mainiacjoe_overflow_alcove_1,
          minmay_temple_entry_antechambers, uniq_blork_the_orc
D:7:      layout_cave_pods, mainiacjoe_overflow_catwalk, minmay_crystal_water,
          grunt_decor_mini_mirrors, minmay_misc_feat_enclosed,
          serial_bayou_pond_c, minivault_22, nicolae_zig_zag_zippers, uniq_pikel
D:8:      layout_loops_ring, nicolae_dithmenos_through_a_glass_darkly
D:9:      layout_roguey, nemelex_diamond_rough_becter
D:10:     layout_roguey, tso_oasis_becter, david_orc_1_choice,
          kennysheep_diamond, uniq_maggie
D:11:     layout_stronghold, david_lair_generic, muffindrake_ghost_dual_entry,
          led_sif_pool
Temple:   nicolae_temple_bog_church
Orc:1:    layout_caves, special_room [special_room_orc]

Skill      XL: |  1  2  3  4  5  6  7  8  9 10 11 12 |
---------------+-------------------------------------+-----
Fighting       | 11 12 | 12.6
Invocations    | 1 2 3 4 5 6 7 8 |  8.0
Short Blades   | 1 2 3 4 6 7 |  7.2
Long Blades    | 1 2 3 4 6 7 |  7.2
Axes           | 1 2 3 4 6 7 |  7.2
Maces & Flails | 1 2 3 4 6 7 |  7.2
Staves         | 1 2 3 4 6 7 |  7.2
Ranged Weapons | 1 2 3 4 6 7 |  7.2
Throwing       | 1 2 3 4 6 7 |  7.2
Dodging        | 1 2 3 4 6 7 |  7.2
Shields        | 1 2 3 4 6 7 |  7.2
Unarmed Combat | 1 2 3 4 6 7 |  7.2
Spellcasting   | 1 2 3 4 6 7 |  7.2
Shapeshifting  | 1 2 3 4 5 6 |  6.6
Conjurations   | 1 2 3 4 5 6 |  6.0
Hexes          | 1 2 3 4 5 6 |  6.0
Summonings     | 1 2 3 4 5 6 |  6.0
Necromancy     | 1 2 3 4 5 6 |  6.0
Translocations | 1 2 3 4 5 6 |  6.0
Transmutations | 1 2 3 4 5 6 |  6.0
Fire Magic     | 1 2 3 4 5 6 |  6.0
Ice Magic      | 1 2 3 4 5 6 |  6.0
Air Magic      | 1 2 3 4 5 6 |  6.0
Earth Magic    | 1 2 3 4 5 6 |  6.0
Poison Magic   | 1 2 3 4 5 6 |  6.0
Armour         | 3 4 5 6 7 |  7.8
Evocations     | 3 4 5 6 7 |  7.8
Stealth        | 3 4 5 6 7 |  7.7
Polearms       | 5 6 7 8 |  8.7

Action                     |  1- 3 |  4- 6 |  7- 9 | 10-12 || total
---------------------------+-------+-------+-------+-------++-------
  Melee: Spear             |    95 |    78 |   167 |   344 ||   684
         Bite              |     1 |    19 |    45 |    83 ||   148
         Punch             |       |     3 |    15 |    25 ||    43
         Dagger            |       |   148 |   277 |   234 ||   659
   Fire: Sling             |       |    29 |       |       ||    29
  Throw: Dart              |       |       |    45 |    36 ||    81
         Boomerang         |       |       |     7 |    39 ||    46
         Throwing net      |       |       |       |     4 ||     4
   Cast: Sandblast         |       |       |     5 |    67 ||    72
         Stone Arrow       |       |       |       |    24 ||    24
         Mephitic Cloud    |       |       |       |     7 ||     7
  Evoke: Wand              |       |       |     1 |    13 ||    14
         Sack of spiders   |       |       |       |     2 ||     2
    Use: Potion            |       |     4 |     6 |     4 ||    14
         Scroll            |       |     1 |    20 |    10 ||    31
   Stab: Sleeping          |     1 |     7 |     5 |     1 ||    14
         Distracted        |       |     2 |     3 |     3 ||     8
         Paralysed         |       |       |     6 |    17 ||    23
         Held in net/web   |       |       |       |     1 ||     1
         Confused          |       |       |       |     3 ||     3
         Invisible         |       |       |       |     1 ||     1
 Armour: Leather armour    |    35 |       |       |       ||    35
         Ring mail         |     1 |   139 |   289 |   357 ||   786
  Dodge: Dodged            |    44 |   115 |   260 |   466 ||   885

Table legend: (Time is in decaauts)
 A = Elapsed time spent in this place.
 B = Non-inter-level travel time spent in this place.
 C = Inter-level travel time spent in this place.
 D = Time resting spent in this place.
 E = Time spent auto-exploring this place.
 F = Levels seen in this place.
 G = Mean time per level.
                   A        B        C        D        E       F      G
               +--------+--------+--------+--------+--------+-----+--------+
         Total |  15434 |  14580 |    854 |   4258 |   7076 |  13 | 1187.2 |
       Dungeon |  15001 |  14148 |    853 |   4123 |   7011 |  11 | 1363.7 |
        Temple |     28 |     28 |      0 |      0 |     27 |   1 |   28.0 |
  Orcish Mines |    404 |    404 |      0 |    135 |     38 |   1 |  404.0 |
               +--------+--------+--------+--------+--------+-----+--------+

Top non-repeatable levels by time:
    D:10: 3334 daAuts
     D:7: 2233 daAuts
    D:11: 1859 daAuts
     D:5: 1371 daAuts
     D:4: 1150 daAuts
     D:6: 1082 daAuts
     D:8: 1011 daAuts
     D:3: 905 daAuts
     D:9: 836 daAuts
     D:1: 685 daAuts
     D:2: 531 daAuts
   Orc:1: 404 daAuts
  Temple: 28 daAuts
